Map: Nightshade LE

Players

Vanya

  • Race: Zerg Zerg
  • Spawn Location: 5:00

Has - Winner!

  • Race: Protoss Protoss
  • Spawn Location: 11:00

Event: IEM Katowice 2020

VOD

Have the link to the VOD?

Description

Time

  • Played on: Feb. 24, 2020, 10:59 a.m.
  • Length: 12:05

All games in this series

Show
View Real Time Build Order
Export as new Build Order

Vanya Zerg 

Build Orders: Pool First 

Get SALT Encoding   

  12  0:17  Spawning Pool  
  11  0:21  Drone  
  11  0:26  Drone  
  13  0:31  Drone  
  14  0:40  Overlord  
  14  1:03  Zergling x4  
  16  1:04  Zergling x2  
  17  1:11  Queen  
  17  1:15  Zergling x2  
  20  1:26  Zergling x2  
  21  1:40  Hatchery  
  21  1:44  Drone  
  21  1:47  Overlord  
  21  1:59  Drone  
  22  2:13  Drone  
  23  2:18  Queen  
  23  2:20  Drone  
  23  2:22  Drone  
  26  2:26  Drone  
  26  2:27  Drone  
  28  2:34  Drone  
  29  2:46  Drone  
  30  2:54  Queen, Drone  
  30  2:57  Overlord  
  30  2:58  Drone x2  
  35  3:03  Drone  
  36  3:05  Extractor  
  36  3:06  Extractor  
  36  3:08  Drone  
  36  3:10  Drone  
  36  3:16  Drone  
  37  3:26  Drone x5  
  42  3:32  Overlord  
  42  3:33  Drone x2  
  44  3:49  Extractor  
  44  3:51  Drone  
  44  3:54  Drone x2  
  45  3:58  Drone  
  45  3:59  Drone x2, Evolution Chamber  
  47  4:03  Lair  
  47  4:05  Drone  
  47  4:07  Drone x2  
  47  4:09  Drone x2  
  51  4:15  Drone  
  51  4:16  Drone  
  49  4:19  Drone  
  49  4:21  Drone  
  49  4:34  Roach Warren  
  49  4:35  Drone  
  49  4:37  Drone  
  50  4:40  Overlord  
  50  4:49  Hatchery  
  50  4:52  Zerg Missile Weapons Level 1  
  49  4:53  Overlord  
  49  5:00  Drone  
  49  5:01  Overlord  
  49  5:06  Spore Crawler  
  49  5:07  Drone  
  51  5:15  Roach x4  
  51  5:16  Overlord  
  51  5:18  Overlord  
  59  5:22  Roach  
  59  5:29  Roach x3  
  59  5:32  Queen  
  67  5:36  Roach  
  67  5:40  Roach x2  
  73  5:43  Roach  
  73  5:49  Roach x2  
  75  5:52  Roach  
  75  5:55  Roach  
  73  5:59  Roach x2  
  73  6:03  Roach x2  
  81  6:06  Ravager  
  81  6:07  Roach  
  81  6:08  Ravager  
  81  6:11  Ravager  
  83  6:12  Roach x2  
  83  6:16  Roach  
  80  6:20  Roach  
  80  6:23  Glial Reconstitution  
  82  6:26  Queen  
  82  6:29  Roach x2  
  88  6:35  Overlord  
  88  6:37  Extractor  
  87  6:40  Ravager  
  87  6:43  Overlord  
  87  6:44  Roach  
  90  6:48  Overlord x2  
  90  6:55  Roach x2  
  90  6:58  Roach  
  90  6:59  Overlord  
  90  7:00  Ravager  
  97  7:04  Roach  
  97  7:07  Roach  
  101  7:10  Roach  
  105  7:15  Roach  
  105  7:16  Roach  
  105  7:21  Ravager  
  108  7:24  Roach x2  
  108  7:28  Overlord  
  108  7:29  Roach  
  114  7:33  Roach x2  
  118  7:41  Roach x3  
  120  7:49  Roach x2  
  115  7:52  Roach  
  115  7:55  Roach  
  115  7:57  Overlord  
  115  7:58  Roach  
  96  8:01  Roach  
  96  8:02  Roach  
  96  8:04  Roach  
  77  8:20  Ravager x2  
  77  8:24  Roach x2  
  77  8:26  Hatchery  
  80  8:28  Roach  
  80  8:30  Ravager  
  80  8:34  Roach x2  
  87  8:40  Roach x2  
  91  8:47  Roach x2  
  89  8:51  Ravager x2  
  91  8:57  Roach x2  
  91  9:01  Queen  
  97  9:04  Roach  
  97  9:07  Roach  
  101  9:14  Ravager  
  106  9:17  Roach x2  
  106  9:18  Queen  
  106  9:20  Ravager  
  106  9:23  Roach  
  111  9:26  Roach  
  113  9:36  Roach x2  
  109  9:46  Roach x2  
  111  9:56  Roach x2  
  115  10:06  Roach x2  
  112  10:11  Roach  
  112  10:12  Roach x2  
  96  10:19  Roach x2  
  96  10:20  Spire  
  95  10:22  Drone x2  
  95  10:27  Ravager  
  98  10:31  Roach x2  
  102  10:39  Drone x3  
  102  10:42  Extractor, Drone  
  105  10:43  Extractor  
  105  10:48  Drone  
  105  10:49  Drone  
  88  10:56  Drone x2  
  88  10:57  Drone x3  
  85  11:03  Roach  
  89  11:09  Roach x3  
  95  11:15  Roach  
  97  11:19  Ravager  
  98  11:27  Roach x4  
  104  11:36  Mutalisk  
Show
View Real Time Build Order
Export as new Build Order

Has Protoss - Winner!

Build Orders: 1 Gate Expand, Archon Immortal 

Get SALT Encoding   

  12  0:00  Probe  
  13  0:13  Probe  
  14  0:18  Pylon  
  14  0:25  Probe  
  15  0:36  Gateway  
  15  0:38  Probe (Chrono Boost)  
  16  0:45  Assimilator  
  16  0:48  Probe (Chrono Boost)  
  17  0:54  Probe  
  18  1:17  Pylon  
  18  1:26  Nexus  
  18  1:31  Probe  
  19  1:38  Zealot (Chrono Boost)  
  20  1:43  Cybernetics Core  
  20  1:46  Probe  
  21  1:53  Pylon  
  21  2:00  Zealot (Chrono Boost)  
  23  2:11  Probe  
  23  2:12  Pylon  
  24  2:23  Warp Gate, Probe, Adept (Chrono Boost)  
  26  2:39  Probe (Chrono Boost)  
  26  2:40  Probe (Chrono Boost)  
  26  2:42  Assimilator  
  27  2:47  Adept  
  27  2:48  Probe (Chrono Boost)  
  27  2:51  Probe (Chrono Boost)  
  31  2:53  Probe (Chrono Boost)  
  32  3:00  Probe  
  32  3:01  Robotics Facility  
  33  3:05  Probe  
  35  3:15  Probe (Chrono Boost)  
  35  3:18  Probe (Chrono Boost)  
  38  3:27  Probe (Chrono Boost)  
  38  3:28  Probe (Chrono Boost), Pylon  
  38  3:32  Probe (Chrono Boost)  
  38  3:35  Pylon  
  38  3:36  Probe  
  40  3:44  Probe  
  40  3:45  Immortal (Chrono Boost)  
  45  3:48  Probe  
  45  3:54  Sentry  
  48  3:56  Probe  
  48  4:00  Probe  
  50  4:03  Pylon  
  50  4:08  Probe  
  51  4:12  Probe  
  52  4:20  Probe, Warp Prism (Chrono Boost)  
  51  4:24  Probe  
  51  4:25  Twilight Council  
  51  4:26  Forge  
  51  4:27  Assimilator  
  51  4:28  Assimilator  
  51  4:29  Stalker  
  54  4:37  Probe x2, Gateway  
  56  4:43  Gateway  
  56  4:49  Observer (Chrono Boost)  
  55  5:00  Protoss Ground Weapons Level 1 (Chrono Boost)  
  55  5:01  Immortal (Chrono Boost)  
  55  5:04  Gateway x2  
  60  5:07  Probe  
  60  5:10  Charge (Chrono Boost)  
  60  5:13  Pylon  
  60  5:16  Zealot  
  62  5:30  Pylon  
  62  5:33  Zealot  
  62  5:35  Immortal (Chrono Boost)  
  68  5:42  Templar Archives  
  68  5:55  Probe x2  
  70  5:58  Zealot x3  
  70  5:59  Zealot x2  
  80  6:04  Pylon  
  80  6:05  Pylon  
  73  6:23  Sentry  
  73  6:24  Zealot x4  
  82  6:28  Pylon  
  82  6:30  Pylon  
  82  6:31  Gateway  
  80  6:33  Gateway  
  80  6:49  High Templar x3  
  80  6:50  High Templar, Zealot  
  80  6:53  Archon  
  80  6:54  Archon  
  90  7:00  Pylon  
  90  7:21  Sentry x2  
  90  7:22  Zealot x3  
  100  7:25  Pylon  
  100  7:27  Zealot  
  100  7:28  Zealot  
  104  7:36  Pylon  
  99  7:45  Zealot x5  
  65  8:08  Immortal (Chrono Boost)  
  61  8:15  Protoss Ground Weapons Level 2 (Chrono Boost), Zealot x2  
  61  8:16  Zealot x5  
  61  8:18  Probe x2  
  77  8:25  Nexus  
  77  8:38  Immortal (Chrono Boost)  
  76  8:53  High Templar x2  
  76  8:54  High Templar x2, Sentry x2  
  76  8:55  Zealot  
  90  8:59  Archon  
  90  9:00  Archon  
  90  9:01  Probe x2  
  92  9:12  Immortal (Chrono Boost)  
  96  9:19  Probe x2  
  96  9:21  Sentry x2  
  96  9:22  Zealot  
  104  9:26  Pylon  
  104  9:28  Gateway  
  104  9:29  Zealot x4  
  112  9:44  Immortal  
  113  10:00  Zealot x7  
  105  10:10  Zealot x7  
  105  10:14  Probe x2  
  107  10:19  Probe  
  107  10:20  Pylon  
  108  10:22  Warp Prism (Chrono Boost)  
  110  10:32  High Templar x3  
  110  10:33  Zealot x2  
  118  10:38  High Templar  
  118  10:39  Zealot x2  
  116  10:54  Archon  
  116  10:55  Archon  
  116  10:56  Zealot x2  
  120  10:59  Pylon  
  120  11:00  Zealot, Warp Prism (Chrono Boost)  
  120  11:01  Zealot  
  126  11:07  Assimilator x2, Zealot  
  126  11:08  Zealot  
  130  11:14  High Templar  
  130  11:15  High Templar  
  130  11:17  Zealot x2  
  138  11:18  Archon  
  128  11:49  Zealot x8  

Tags
 
Add a new tag
Caveats
  • Supply blocks, unpowered buildings, or Contaminate may cause inaccurate times.
  • Supply counts are checked every 10 seconds.